 Dungeon Crawl Stone Soup version 0.31-a0-233-g139696dc86 (webtiles) character file.

Game seed: 16634234357876712427

937 Morbidden the Covered (level 7, -4/63 HPs)
             Began as an Armataur Fighter on July 9, 2023.
             Slain by a two-headed ogre
             ... wielding a +0 giant spiked club
              (20 damage)
             ... on level 5 of the Dungeon.
             The game lasted 00:05:28 (5538 turns).

Morbidden the Covered (Armataur Fighter)            Turns: 5538, Time: 00:05:29

Health: -4/63      AC: 10    Str: 22      XL:     7   Next: 87%
Magic:  9/10       EV:  6    Int: 10      God:
Gold:   290        SH:  4    Dex:  6 (9)  Spells: 10/10 levels left

rFire   . . .        a - +0 morningstar
rCold   . . .        c - +0 buckler
rNeg    . . .        q - +0 chain mail
rPois   .            h - +0 helmet
rElec   .            (no cloak)
rCorr   .            (no gloves)
SInv    .            (no barding)
Will    .....        (no amulet) Stlth
                     (no ring)
HPRegen 0.30/turn    (no ring)
MPRegen 0.12/turn

%: roll
@: no status effects
A: large, rugged brown scales 3, deformed body, armoured tail, roll, long
tongue, awkward tongue
a: no special abilities


You were on level 5 of the Dungeon.
You visited 1 branch of the dungeon, and saw 5 of its levels.

You collected 290 gold pieces.

Inventory:

Hand Weapons
 a - a +0 morningstar (weapon)
Missiles
 g - 2 silver boomerangs
 l - 12 poisoned darts
 o - a javelin (quivered)
 s - a boomerang
Armour
 c - a +0 buckler (worn)
 h - a +0 helmet (worn)
 q - a +0 chain mail (worn)
Wands
 y - a wand of polymorph (5)
Scrolls
 b - a scroll of vulnerability {unknown}
 f - 2 scrolls of identify
 j - 3 scrolls of teleportation
 k - a scroll of blinking {unknown}
 m - a scroll of enchant armour {unknown}
 n - a scroll of immolation {unknown}
 p - a scroll of enchant weapon {unknown}
 r - a scroll of butterflies {unknown}
 v - a scroll of fear {unknown}
 x - a scroll of fog {unknown}
Potions
 d - a potion of might
 e - 3 potions of haste {unknown}
 i - a potion of enlightenment {unknown}
 t - a potion of brilliance {unknown}
 w - a potion of curing {unknown}


   Skills:
 * Level 4.0 Fighting
 * Level 2.4(3.7) Axes
 * Level 4.7(5.1) Maces & Flails
 * Level 5.7 Armour
 * Level 1.3 Dodging
 + Level 0.4 Stealth
 * Level 4.5 Shields
 * Level 2.0 Spellcasting


You had 10 spell levels left.
You didn't know any spells.
Your spell library contained the following spells:

 Spells                   Type           Power      Damage    Failure   Level
 Sublimation of Blood     Necr           1%         N/A       97%         2
 Wereblood                Tmut           1%         N/A       97%         2
 Portal Projectile        Hex/Tloc       2%         N/A       100%        3
 Tukima's Dance           Hex            1%         N/A       100%        3
 Blade Hands              Tmut           0%         N/A       100%        5
 Summon Hydra             Summ           0%         N/A       100%        7


Dungeon Overview and Level Annotations

Branches:
Dungeon (5/15)
 Temple: D:4-7

Altars:

Annotations:
D:5 Prince Ribbit


Innate Abilities, Weirdness & Mutations

You are completely covered in rugged brown scales. (AC +3, +7% HP)
Armour fits poorly on your strangely shaped body.
You have a long armoured tail.
You roll when moving toward enemies. (Rampage)
Your long tongue fully drains potion bottles. (2x potion effects)
Your tongue gives you trouble enunciating. (1.5x scroll delay)


Message History

The two-headed ogre struggles to escape constriction.
The shadow imp struggles to escape constriction.
Unknown command.
Unknown command.
Unknown command.
The grasping roots constrict the shadow imp.
You kill the shadow imp!
The grasping roots constrict the two-headed ogre.
The roots release their grip on the two-headed ogre.
Your Spellcasting skill increases to level 2!
Aiming: Fastroot
Press: ? - help, Shift-Dir - straight line, f/p - two-headed ogre
Aim: a two-headed ogre, wielding a +0 giant spiked club and a +0 giant club (moderately wounded)
The roots erupt in riotous growth!
Roots grab the two-headed ogre.
The grasping roots constrict the two-headed ogre!
The two-headed ogre escapes!
Unknown command.
Unknown command.
Aiming: Fastroot
Press: ? - help, Shift-Dir - straight line, f/p - two-headed ogre
Aim: a two-headed ogre, wielding a +0 giant spiked club and a +0 giant club (heavily wounded)
The roots erupt in riotous growth!
Roots grab the two-headed ogre.
The now-empty wand crumbles to dust.
The grasping roots constrict the two-headed ogre.
The two-headed ogre struggles to escape constriction.
Unknown command.
Throw: 2 javelins
Press: ? - help, Q - select action, (/) - cycle Shift-Dir - straight line, f/p - two-headed ogre
Aim: a two-headed ogre, wielding a +0 giant spiked club and a +0 giant club (heavily wounded, constricted by roots, 93% to hit)
You throw a javelin.
The javelin pierces through the two-headed ogre.
The two-headed ogre is heavily wounded.
The grasping roots constrict the two-headed ogre.
The roots release their grip on the two-headed ogre.
The two-headed ogre hits you with a +0 giant spiked club!!
* * * LOW HITPOINT WARNING * * *
The two-headed ogre hits you with a +0 giant club!!
You die...

#.. #.# #.# #.# #.# #
################# #.# .##
.........##.....#######.##..#...
########.#..###.@O(.............
#.......[....########.####..
#.##########.# #....##.#
.......#.########.≈≈....#
.......'........†P≈≈..#.. #
.......#.#.######PPP.## .# #
.......#...# ...### ##.#.#
.......#..## .#... .....#
.......#.## #. .###


You could see a two-headed ogre.

Vanquished Creatures
  An ogre (D:4)
  2 black bears
  A phantom (D:4)
  2 scorpions
  2 quasits
  An orc priest (D:4)
  2 orc wizards (D:4)
  Robin (D:4)
  7 gnolls
  9 adders
  3 shadow imps (D:5)
  4 white imps (D:5)
  2 ufetubi (D:5)
  3 worms
  A dart slug (D:3)
  10 orcs
  6 bats
  2 endoplasms
  2 giant cockroaches (D:3)
  18 goblins
  7 hobgoblins
  12 jackals
  5 quokkas
  6 ball pythons
  A frilled lizard (D:3)
  9 kobolds
  5 rats
124 creatures vanquished.

Notes
Turn   | Place    | Note
-------+----------+-------------------------------------------
     0 | D:1      | Morbidden the Armataur Fighter began the quest for the Orb.
     0 | D:1      | Reached XP level 1. HP: 19/19 MP: 1/1
   285 | D:1      | Reached XP level 2. HP: 27/27 MP: 2/2
   956 | D:2      | Found a faded altar of an unknown god.
   978 | D:2      | Reached XP level 3. HP: 33/33 MP: 3/3
  1564 | D:2      | Reached skill level 4 in Armour
  1980 | D:2      | Reached skill level 1 in Axes
  1980 | D:2      | Reached XP level 4. HP: 24/40 MP: 5/5
  2761 | D:3      | Reached XP level 5. HP: 41/48 MP: 6/6
  3353 | D:4      | Reached skill level 1 in Spellcasting
  3354 | D:4      | Noticed a phantom
  3374 | D:4      | Killed a phantom
  3375 | D:4      | Reached XP level 6. HP: 31/54 MP: 7/7
  3604 | D:4      | Noticed Robin
  3613 | D:5      | Entered Level 5 of the Dungeon
  3884 | D:4      | Reached skill level 5 in Armour
  3891 | D:4      | Killed Robin
  4063 | D:4      | Reached skill level 1 in Dodging
  4063 | D:4      | Reached XP level 7. HP: 50/60 MP: 9/9
  5356 | D:5      | Noticed Prince Ribbit
  5508 | D:5      | Noticed a two-headed ogre
  5538 | D:5      | Slain by a two-headed ogre

Illustrated notes

Levels and vault maps discovered:
D:1:      minmay_arrival_stone_box, layout_basic
D:2:      layout_basic, chequers_ecumenical_altar_simple, minmay_between
D:3:      layout_basic, saegor_snake_ambush
D:4:      minmay_chambers_of_twos, layout_loops_cross, grunt_decor_cap,
          serial_bayou_pond_c, uniq_robin
D:5:      layout_loops_ring, serial_demonic, serial_demonic_g, serial_demonic_g,
          serial_demonic_e, serial_demonic_g, serial_demonic_c,
          serial_demonic_c, serial_demonic_b, minivault_25,
          minmay_misc_feat_iff, uniq_prince_ribbit1

Skill      XL: |  1  2  3  4  5  6  7 |
---------------+----------------------+-----
Fighting       | 3 4 |  4.0
Maces & Flails | 2 3 4 |  4.7
Armour         | 4 5 |  5.7
Axes           | 1 2 |  2.4
Spellcasting   | 1 2 |  2.0
Shields        | 4 |  4.5
Dodging        | 1 |  1.3
Stealth        | |  0.4

Action                     |  1- 3 |  4- 6 |  7- 9 || total
---------------------------+-------+-------+-------++-------
  Melee: Flail             |   122 |   153 |       ||   275
         Tailslap          |    15 |    22 |     8 ||    45
         Morningstar       |       |    57 |   125 ||   182
  Throw: Javelin           |       |       |     1 ||     1
  Evoke: Wand              |       |       |     5 ||     5
    Use: Scroll            |       |       |     2 ||     2
 Armour: Scale mail        |    81 |   100 |       ||   181
         Chain mail        |       |    67 |   182 ||   249
  Dodge: Dodged            |    47 |    78 |    94 ||   219
  Block: Buckler           |    16 |    52 |    50 ||   118

Table legend: (Time is in decaauts)
 A = Elapsed time spent in this place.
 B = Non-inter-level travel time spent in this place.
 C = Inter-level travel time spent in this place.
 D = Time resting spent in this place.
 E = Time spent auto-exploring this place.
 F = Levels seen in this place.
 G = Mean time per level.
                   A        B        C        D        E       F      G
               +--------+--------+--------+--------+--------+-----+--------+
         Total |   5675 |   5502 |    173 |   1213 |   3277 |   5 | 1135.0 |
       Dungeon |   5675 |   5502 |    173 |   1213 |   3277 |   5 | 1135.0 |
               +--------+--------+--------+--------+--------+-----+--------+

Top non-repeatable levels by time:
     D:4: 1446 daAuts
     D:2: 1259 daAuts
     D:3: 1199 daAuts
     D:5: 892 daAuts
     D:1: 877 daAuts
